 Dungeon Crawl Stone Soup version 0.21-a0-286-g6fcecc0 (webtiles) character file.

4 unbowed the Sneak (level 1, -1/9 HPs)
             Began as a Spriggan Enchanter on Sept 25, 2017.
             Slain by a leopard gecko (2 damage)
             ... on level 1 of the Dungeon.
             The game lasted 00:00:54 (92 turns).

unbowed the Sneak (Spriggan Enchanter)                Turns: 92, Time: 00:00:55

Health: -1/9       AC:  2    Str:  9    XL:     1   Next: 50%
Magic:  5/5        EV: 18    Int: 16    God:
Gold:   0          SH:  0    Dex: 16    Spells: 4/5 levels left

rFire    . . .     SeeInvis +   a - +1 dagger
rCold    . . .     Gourm    .   (shield restricted)
rNeg     . . .     Faith    .   b - +0 robe
rPois    .         Spirit   .   (helmet restricted)
rElec    .         Reflect  .   (no cloak)
rCorr    .         Harm     .   (gloves unavailable)
MR       .....                  (boots unavailable)
Stlth    +++.......             (no amulet)
HPRegen  0.03/turn              (no ring)
MPRegen  0.09/turn              (no ring)

@: mighty, very quick
A: unfitting armour, see invisible, herbivore 3, speed 3, slow metabolism 2
a: no special abilities


You were on level 1 of the Dungeon.
You were not hungry.

You visited 1 branch of the dungeon, and saw 1 of its levels.

Inventory:

Hand Weapons
 a - a +1 dagger (weapon)
Armour
 b - a +0 robe (worn)
Scrolls
 e - a scroll of identify {unknown}
Books
 c - a book of Maledictions

   Spells                             Type                      Level
   a - Corona                         Hexes                        1
   b - Ensorcelled Hibernation        Hexes/Ice                    2
   c - Confuse                        Hexes                        3
   d - Tukima's Dance                 Hexes                        3
   e - Dazzling Spray                 Conjuration/Hexes            3
Comestibles
 d - a bread ration


   Skills:
 + Level 1.4 Short Blades
 - Level 3.0 Dodging
 + Level 4.6 Stealth
 - Level 2.6 Spellcasting
 - Level 3.6 Hexes


You had 4 spell levels left.
You knew the following spells:

 Your Spells              Type           Power        Failure   Level  Hunger
a - Corona                Hex            ##.....      4%          1    #......


Dungeon Overview and Level Annotations

Branches:
Dungeon (1/15)

Altars:


Innate Abilities, Weirdness & Mutations

You are very small and have problems with some larger weapons.
You are too small for most types of armour.
You have supernaturally acute eyesight. (SInv)
You are a herbivore.
You cover ground extremely quickly.
You need consume almost no food.


Message History

Press: ? - help, Shift-Dir - straight line, f/p - dart slug
Aim: a dart slug (almost dead, clinging, chance to defeat MR: 67%)
The dart slug is outlined in light.
The dart slug launches a dart at you. The slug dart hits you!
* * * LOW HITPOINT WARNING * * *
Unknown command.
Okay, then.
It was a potion of might.
You feel very mighty all of a sudden.
Unknown command.
You start resting.
You puncture the dart slug!
You kill the dart slug!
Unknown command.
You start resting.
The leopard gecko misses you.
You hit the leopard gecko.
The leopard gecko is moderately wounded.
The leopard gecko bites you.
You die...

....... ###..l....
.........#.# #........#.#
#l# #.# #.# #.# #w######
#.# #.##...###.#
#.#@.#..##.#####
#####.l.#.#..#.....#
#......#...#.......#
#.#####.....#####..#
#..#...........#...#
#######..#....<....#..#.#
......#..#.....(...#..#.#
#...#...........#...#
#..#####.....#####..#


You could see a leopard gecko.

Vanquished Creatures
  A dart slug (D:1)
  A bat (D:1)
  A kobold (D:1)
3 creatures vanquished.

Notes
Turn   | Place    | Note
-------+----------+-------------------------------------------
     0 | D:1      | unbowed the Spriggan Enchanter began the quest for the Orb.
     0 | D:1      | Reached XP level 1. HP: 9/9 MP: 5/5
    92 | D:1      | Slain by a leopard gecko

Vault maps used:
D:1:      scummos_arrival_star, interstate_on_off, wad_floor_pattern_untrapped,
          minmay_lizard_king

Action                   || total
-------------------------++-------
Melee: Dagger            ||    11
 Cast: Corona            ||     2
  Use: Potion            ||     1
 Stab: Sleeping          ||     2
Dodge: Dodged            ||     4

Table legend:
 A = Spawn XP
 B = Non-spawn XP
 C = Spawn XP percentage of total XP
 D = Spawn monster count
 E = Non-spawn monster count
 F = Spawn count percentage of total count
 G = Total turns spent on level
                    A         B        C        D         E        F      G
               +---------+---------+-------+---------+---------+-------+---------
         Total |       0 |       6 |   0.0 |       0 |       3 |   0.0 |    92
               +---------+---------+-------+---------+---------+-------+---------
           D:1 |       0 |       6 |   0.0 |       0 |       3 |   0.0 |    92
               +---------+---------+-------+---------+---------+-------+---------
